 Dungeon Crawl Stone Soup version 0.32-a0-629-g87aaac5c70 (webtiles) character file.

Game seed: 11395061025877874940

1792990 Godo the Cryomancer (level 27, 170/170 HPs)
             Began as a Deep Elf Conjurer on Mar 6, 2024.
             Was a High Priest of Sif Muna.
             Escaped with the Orb
             ... and 4 runes!
             The game lasted 06:34:36 (114278 turns).

Godo the Cryomancer (Deep Elf Conjurer)           Turns: 114278, Time: 06:34:37

Health: 170/170    AC: 24    Str:  8    XL:     27
Magic:  37/53      EV: 19    Int: 37    God:    Sif Muna [*****.]
Gold:   8821       SH: 19    Dex: 17    Spells: 3/74 levels left

rFire   + + .        K - +3 Elemental Staff {ele, rElec rF+ rC+ AC+3}
rCold   + + .        o - +5 kite shield {rF+}
rNeg    + + +        L - +3 leather armour "Teexu" {rN+++}
rPois   +            U - +2 helmet {Int+3}
rElec   +            S - +4 dragonskin cloak
rCorr   +            N - +2 pair of gloves
SInv    .            m - +2 pair of boots
Will    ++++.        X - amulet of magic regeneration
Stlth   +            J - ring "Rafaera" {rPois rF+ Will+ rCorr}
HPRegen 0.48/turn    M - ring "Buaq" {rElec rC+ Will+ Dex+6}
MPRegen 0.73/turn

%: no passive effects
@: studying Conjurations
A: clumsy 1, deformed body, heat vulnerability 1, subdued magic 1, noise
suppression
0: Orb of Zot
}: 4/15 runes: serpentine, barnacled, slimy, silver
a: Renounce Religion, Channel Magic, Forget Spell, Divine Exegesis


You escaped.
You worshipped Sif Muna.
Sif Muna was extremely pleased with you.
You visited 12 branches of the dungeon, and saw 56 of its levels.
You also visited: Trove, Ossuary, Bailey and Ice Cave.

You collected 11437 gold pieces.
You spent 2616 gold pieces at shops.

Inventory:

Hand Weapons
 K - the +3 Elemental Staff (weapon) {ele, rElec rF+ rC+ AC+3}
   (You acquired it on level 2 of the Snake Pit)

   AC+3:      It affects your AC (+3).
   rF+:       It protects you from fire.
   rC+:       It protects you from cold.
   rElec:     It insulates you from electricity.
Missiles
 B - 8 curare-tipped darts
 Q - 3 throwing nets
Armour
 m - a +2 pair of boots (worn)
 o - a +5 kite shield of fire resistance (worn)
 t - quicksilver dragon scales
 z - a +3 buckler of protection
 L - the +3 leather armour "Teexu" (worn) {rN+++}
   (You took it off a vault guard on level 1 of the Vaults)

   rN+++:     It renders you almost immune to negative energy.
 N - a +2 pair of gloves (worn)
 S - the +4 dragonskin cloak (worn)
   (You took it off Tiamat on level 2 of the Realm of Zot)

   Avatar's Aegis: It grants the wearer a chance to resist fire, cold, poison,
   electricity, acid, and negative energy.
 U - a +2 helmet of intelligence (worn)
Jewellery
 j - a ring of see invisible
 A - a +4 ring of protection
 H - the amulet "Rinajim" {Reflect *Corrode rElec Regen+ MP+9 SH+5}
   (You found it on level 4 of the Vaults)

   [amulet of reflection]

   Reflect:   It reflects blocked missile attacks.
   rElec:     It insulates you from electricity.
   MP+9:      It affects your magic capacity (+9).
   Regen+:    It increases your rate of health regeneration.
   *Corrode:  It may corrode you when you take damage.
   SH+5:      It affects your SH (+5).
 J - the ring "Rafaera" (left hand) {rPois rF+ Will+ rCorr}
   (You took it off a deep elf annihilator on level 5 of the Vaults)

   [ring of willpower]

   rF+:       It protects you from fire.
   rPois:     It protects you from poison.
   Will+:     It increases your willpower.
   rCorr:     It protects you from acid and corrosion.
 M - the ring "Buaq" (right hand) {rElec rC+ Will+ Dex+6}
   (You found it on level 3 of the Crypt)

   [ring of dexterity]

   Dex+6:     It affects your dexterity (+6).
   rC+:       It protects you from cold.
   rElec:     It insulates you from electricity.
   Will+:     It increases your willpower.
 X - an amulet of magic regeneration (around neck)
 Y - a ring of flight
Wands
 c - a wand of quicksilver (40)
 f - a wand of charming (109)
 l - a wand of digging (21)
 v - a wand of warping (80)
 x - a wand of flame (118)
 I - a wand of mindburst (47)
Scrolls
 d - 2 scrolls of enchant armour
 i - 9 scrolls of fear
 p - 6 scrolls of revelation
 r - 30 scrolls of teleportation
 s - 12 scrolls of fog
 u - 12 scrolls of vulnerability
 w - 4 scrolls of butterflies
 y - 17 scrolls of poison
 F - 9 scrolls of blinking
 G - 9 scrolls of immolation
 Z - 9 scrolls of amnesia
Potions
 a - 12 potions of haste
 b - a potion of magic
 g - 18 potions of curing
 h - 5 potions of cancellation
 n - 10 potions of mutation
 q - 6 potions of brilliance
 C - 6 potions of enlightenment
 D - 9 potions of lignification
 E - 3 potions of heal wounds
 O - 6 potions of ambrosia
 R - 3 potions of resistance
 V - 4 potions of invisibility
Miscellaneous
 e - a phial of floods
 P - a phantom mirror
 T - a sack of spiders
 W - a condenser vane


   Skills:
 + Level 16.8 Fighting
 - Level 10.0 Armour
 - Level 15.0 Dodging
 - Level 5.0 Stealth
 - Level 15.0 Shields
 - Level 24.0 Spellcasting
 - Level 18.0 Conjurations
 - Level 4.0 Summonings
 - Level 5.0 Translocations
 - Level 26.5 Ice Magic
 - Level 9.0 Air Magic
 + Level 20.3 Earth Magic
 - Level 8.0 Alchemy
 - Level 9.0 Invocations
 - Level 5.0 Evocations


You had 3 spell levels left.
You knew the following spells:

 Your Spells              Type           Power      Damage    Failure   Level
a - Magic Dart            Conj           100%       1d8       0%          1
b - Ozocubu's Refrigerat  Ice            67%        4d22      0%          7
c - Iskenderun's Mystic   Conj/Tloc      79%        2d16      1%          4
d - Fulminant Prism       Conj/Alch      41%        3d19      1%          4
e - Airstrike             Air            45%        2d(7-23)  1%          4
f - Summon Lightning Spi  Summ/Air       82%        N/A       1%          4
g - Irradiate             Conj/Alch      41%        3d25      1%          5
h - Metabolic Englaciati  Hex/Ice        52%        N/A       1%          5
i - Iskenderun's Battles  Conj           95%        2d14      0%          5
j - Bombard               Conj/Erth      60%        9d10      1%          6
k - Ozocubu's Armour      Ice            100%       N/A       0%          3
l - Polar Vortex          Ice            67%        12d9*     2%          9
m - Lehudib's Crystal Sp  Conj/Erth      60%        10d14     3%          8
n - Passage of Golubria   Tloc           58%        N/A       1%          4
o - Blink                 Tloc           100%       N/A       1%          2

Your spell library contained the following spells:

 Spells                   Type           Power      Damage    Failure   Level
 Freeze                   Ice            100%       1d10      0%          1
 Sandblast                Erth           100%       2d20      0%          1
 Shock                    Conj/Air       100%       1d9       0%          1
 Sting                    Conj/Alch      100%       1d9       0%          1
 Ensorcelled Hibernation  Hex/Ice        100%       N/A       0%          2
 Momentum Strike          Conj/Tloc      100%       3d10      0%          2
 Searing Ray              Conj           100%       2d8       0%          2
 Static Discharge         Conj/Air       100%       3-8/arc   0%          2
 Frozen Ramparts          Ice            100%       1d16      0%          3
 Hailstorm                Conj/Ice       100%       3d16      0%          3
 Passwall                 Erth           100%       N/A       0%          3
 Stone Arrow              Conj/Erth      100%       3d13      0%          3
 Summon Ice Beast         Ice/Summ       100%       N/A       0%          3
 Apportation              Tloc           100%       N/A       1%          1
 Foxfire                  Conj/Fire      100%       2x1d9     1%          1
 Kiss of Death            Conj/Necr      100%       2d13      1%          1
 Necrotise                Necr           100%       1d9       1%          1
 Slow                     Hex            100%       N/A       1%          1
 Summon Small Mammal      Summ           100%       N/A       1%          1
 Call Imp                 Summ           100%       N/A       1%          2
 Cigotuvi's Dreadful Rot  Necr/Alch/Air  100%       N/A       1%          2
 Jinxbite                 Hex            68%        N/A       1%          2
 Lesser Beckoning         Tloc           100%       N/A       1%          2
 Mercury Vapours          Alch/Air       100%       N/A       1%          2
 Scorch                   Fire           100%       2d9       1%          2
 Sublimation of Blood     Necr           34%        N/A       1%          2
 Call Canine Familiar     Summ           54%        N/A       1%          3
 Dazzling Flash           Conj/Hex       100%       N/A       1%          3
 Gell's Gravitas          Tloc           58%        N/A       1%          3
 Mephitic Cloud           Conj/Alch/Air  100%       N/A       1%          3
 Swiftness                Air            91%        N/A       1%          3
 Teleport Other           Tloc           58%        N/A       1%          3
 Volatile Blastmotes      Fire/Tloc      100%       2d18      1%          3
 Confusing Touch          Hex            34%        N/A       3%          3
 Fugue of the Fallen      Necr           34%        N/A       3%          3
 Inner Flame              Hex/Fire       50%        N/A       3%          3
 Sigil of Binding         Hex            34%        N/A       3%          3
 Tukima's Dance           Hex            34%        N/A       3%          3
 Vampiric Draining        Necr           34%        2d8       3%          3
 Brom's Barrelling Bould  Conj/Erth      100%       2d11      0%          4
 Freezing Cloud           Conj/Ice/Air   70%        6-21      0%          5
 Lee's Rapid Deconstruct  Erth           61%        3d28*     0%          5
 Animate Armour           Summ/Erth      100%       N/A       1%          4
 Flame Wave               Conj/Fire      91%        2d19      1%          4
 Leda's Liquefaction      Alch/Erth      53%        N/A       1%          4
 Manifold Assault         Tloc           58%        N/A       1%          4
 Olgreb's Toxic Radiance  Alch           68%        N/A       1%          4
 Petrify                  Alch/Erth      100%       N/A       1%          4
 Vhi's Electric Charge    Tloc/Air       100%       N/A       1%          4
 Alistair's Intoxication  Alch           45%        N/A       1%          5
 Arcjolt                  Conj/Air       52%        1d62      1%          5
 Borgnjor's Vile Clutch   Necr/Erth      47%        N/A       1%          5
 Fireball                 Conj/Fire      45%        3d18      1%          5
 Conjure Ball Lightning   Conj/Air       52%        3x3d18    1%          6
 Sculpt Simulacrum        Ice/Alch       57%        N/A       1%          6
 Orb of Destruction       Conj           47%        9d12      1%          7
 Ignite Poison            Fire/Alch      71%        N/A       2%          4
 Sticky Flame             Fire/Alch      71%        2d11      2%          4
 Dimensional Bullseye     Hex/Tloc       24%        N/A       4%          4
 Starburst                Conj/Fire      45%        6d13      4%          6
 Martyr's Knell           Necr/Summ      45%        N/A       5%          4
 Summon Blazeheart Golem  Fire/Summ      62%        N/A       5%          4
 Silence                  Hex/Air        37%        N/A       5%          5
 Summon Forest            Summ/Tloc      28%        N/A       5%          5
 Yara's Violent Unravell  Hex/Alch       27%        3d12      7%          5
 Eringya's Noxious Bog    Alch           34%        4d6       8%          6
 Anguish                  Hex/Necr       17%        N/A       13%         4
 Animate Dead             Necr           34%        N/A       13%         4
 Cause Fear               Hex            17%        N/A       13%         4
 Dispel Undead            Necr           34%        3d15      13%         4
 Spellforged Servitor     Conj/Summ      38%        N/A       13%         7
 Summon Mana Viper        Hex/Summ       45%        N/A       17%         5
 Dispersal                Tloc           29%        N/A       28%         6
 Plasma Beam              Fire/Air       47%        2x1d61    32%         6
 Shatter                  Erth           61%        3d45*     32%         9
 Curse of Agony           Necr           34%        N/A       36%         5
 Summon Cactus Giant      Summ           27%        N/A       38%         6
 Malign Gateway           Summ/Tloc      28%        N/A       89%         7
 Death Channel            Necr           17%        N/A       92%         6
 Monstrous Menagerie      Summ           27%        N/A       94%         7
 Summon Hydra             Summ           27%        N/A       94%         7
 Maxwell's Capacitive Co  Air            45%        ∞         94%         8
 Haunt                    Necr/Summ      22%        N/A       99%         7
 Chain Lightning          Conj/Air       52%        3d70      99%         9
 Enfeeble                 Hex            17%        N/A       100%        7
 Borgnjor's Revivificati  Necr           17%        N/A       100%        8
 Discord                  Hex            17%        N/A       100%        8
 Disjunction              Tloc           29%        N/A       100%        8
 Ignition                 Fire           25%        3d8       100%        8
 Infestation              Necr           17%        N/A       100%        8
 Summon Horrible Things   Summ           27%        N/A       100%        8
 Death's Door             Necr           17%        N/A       100%        9
 Dragon's Call            Summ           27%        N/A       100%        9
 Fire Storm               Conj/Fire      45%        8d12      100%        9


Dungeon Overview and Level Annotations

Branches:
Dungeon (15/15)            Temple (1/1) D:5            Lair (5/5) D:8
 Shoals (4/4) Lair:3        Snake (4/4) Lair:3        Slime (5/5) Lair:4
    Orc (2/2) D:10            Elf (3/3) Orc:2        Vaults (5/5) D:14
  Crypt (3/3) Vaults:2       Tomb (0/3) Crypt:3      Depths (4/4) D:15
    Zot (5/5) Depths:4    Ossuary (visited)          Bailey (visited)
  IceCv (visited)

Altars:
Ashenzari
Cheibriados
Dithmenos
Elyvilon
Fedhas
Gozag
Hepliaklqana
Kikubaaqudgha
Makhleb
Nemelex Xobeh
Okawaru
Qazlal
Ru
Sif Muna
Trog
Uskayaw
Vehumet
Wu Jian
Xom
Yredelemnul
Zin
The Shining One
Lugonu

Shops:
D:2 !   D:4 :   D:9 ?   Orc:1 :   Orc:2 ?:(:   Elf:3 !([(   Shoals:1 ![!
Snake:3 :   Vaults:2 (   Vaults:3 [   Depths:1 :   Depths:3 =?

Portals:
Hell: Depths:1 Depths:2 Depths:3 Depths:4
Abyss: Lair:5 Depths:1 Depths:3
Pandemonium: Depths:2 Depths:3
Ziggurat: Depths:1

Annotations:
D:3 1 runed translucent door, Crazy Yiuf
D:10 exclusions: wraith and 2 more exclusions
D:11 1 exclusion
Lair:5 2 exclusions
Shoals:1 2 transporters, Weciw's ghost, adept TrSh
Shoals:2 2 runed translucent doors, Sufi's ghost, adept GrEE
Elf:2 Roxanne
Vaults:1 Zenata
Zot:4 1 exclusion


Innate Abilities, Weirdness & Mutations

You are clumsy. (Dex -2)
Armour fits poorly on your strangely shaped body.
You are vulnerable to heat. (rF-)
Your spells are a little easier to cast, but a little less powerful.
You passively dampen the noise of your surroundings.


Message History

There is an escape hatch in the ceiling here.
A mysterious force pulls you upwards. The hatch slams shut behind you.
A Tzitzimitl comes into view.
Casting: Lehudib's Crystal Spear (dangerous; 3% risk of failure)
Confirm with . or Enter, or press ? or * to list all spells.
Aiming: Lehudib's Crystal Spear (dangerous; 3% risk of failure)
Press: ? - help, Shift-Dir - straight line, f - Tzitzimitl
Aim: a Tzitzimitl (71% to hit)
You feel a surge of power!
The crystal spear hits the Tzitzimitl!!!
The Tzitzimitl is heavily wounded.
Casting: Lehudib's Crystal Spear (dangerous; 3% risk of failure)
Confirm with . or Enter, or press ? or * to list all spells.
Aiming: Lehudib's Crystal Spear (dangerous; 3% risk of failure)
Press: ? - help, Shift-Dir - straight line, f/p - Tzitzimitl
Aim: a Tzitzimitl (heavily wounded, 71% to hit)
You feel a surge of power!
The crystal spear hits the Tzitzimitl!!!!
You kill the Tzitzimitl!
Sif Muna accepts your kill.
You see here 4 stones.
A Brimstone Fiend comes into view.
Press: ? - help, v - describe, . - travel
Here: a Brimstone Fiend The floor.
Casting: Lehudib's Crystal Spear (dangerous; 3% risk of failure)
Confirm with . or Enter, or press ? or * to list all spells.
You feel a surge of power!
The heat is drained from your surroundings.
The Brimstone Fiend is frozen!
The Brimstone Fiend is severely wounded.
Casting: Ozocubu's Refrigeration (safe; 0% risk of failure)
Confirm with . or Enter, or press ? or * to list all spells.
You feel a surge of power!
The heat is drained from your surroundings.
The Brimstone Fiend is frozen!
You kill the Brimstone Fiend!
Sif Muna accepts your kill.
There is a staircase leading out of the dungeon here.
You have escaped!

#####.......#####.#########
..##......................#
#.##.###.#.##..##>#.#..##.#
#.##.###.......###.##.....#
#.##.##....##†## #####.##.#
#.......##.>### ###>.#
..##.#..##.##.##### ##÷##.#
#.##..(........##.###.....# ####
......[.##.##..#@#>##..##.# #...
#(####.###................# #.##
#......#..............###.# #.#
#######...#####......####.####.#
# #...# ##.###.###.......## #
#...# #.# #..###.######. #
#...######.###..# ### #. #
#...............##########.
#######...#####.####...........#.


There were no monsters in sight!

Vanquished Creatures
  the Royal Jelly (Slime:5)
  3 dread liches (Zot:5)
  8 ancient liches
  2 orbs of fire (Zot:5)
  Tiamat (Zot:2)
  Mara (Depths:2)
  2 juggernauts
  Xtahua (Vaults:2)
  The ghost of Juymismo the Conqueror, a legendary GrBe of the Shining One (Crypt:2)
  The ghost of Juymismo the Conqueror, a legendary GrBe of the Shining One (Crypt:2)
  Saint Roka (Snake:3)
  4 Killer Klowns
  Margery (Crypt:1)
  Vashnia (Snake:3)
  Nikola (Depths:1)
  A caustic shrike (Depths:3)
  8 golden dragons
  A profane servitor (Zot:5)
  2 bone dragons
  A Tzitzimitl (D:1)
  A Brimstone Fiend (D:1)
  2 doom hounds (Depths:4)
  5 electric golems
  12 liches
  A walking crystal tome (Depths:3)
  Grunn (Depths:4)
  25 Orb Guardians
  13 quicksilver dragons
  A pandemonium lord (Depths:3)
  3 deep elf master archers (Elf:3)
  18 tentacled monstrosities
  2 deep elf blademasters
  Asterion (Vaults:1)
  A searing wretch (Crypt:1)
  7 titans
  A walking divine tome (Depths:4)
  6 death cobs
  A walking frostbound tome (Depths:3)
  11 sphinxes
  4 ancient champions
  21 acid blobs
  11 tengu reavers
  5 krakens (Shoals:3)
  Agnes (D:14)
  Aizul (Vaults:2)
  9 shadow dragons
  3 nagarajas
  6 revenants
  19 storm dragons
  5 azure jellies
  5 draconian monks
  9 fire giants
  7 draconian knights
  A protean progenitor (Zot:4)
  11 rockslimes
  16 frost giants
  6 deep elf sorcerers
  4 deep elf elementalists (Elf:3)
  4 draconian shifters
  13 vault wardens
  3 iron dragons
  3 ghost moths
  4 ghouls
  11 draconian annihilators
  6 draconian stormcallers
  15 quicksilver oozes
  5 draconian scorchers
  An orc warlord (Orc:1)
  3 spriggan defenders
  25 very ugly things
  11 ironbound preservers
  7 ironbound thunderhulks
  11 formless jellyfish
  16 stone giants
  12 vampire knights
  13 black draconians
  18 green draconians
  8 deep elf demonologists
  8 dire elephants
  11 red draconians
  7 deep elf death magi
  11 yellow draconians
  12 purple draconians
  9 deep elf annihilators
  A demonspawn black sun (Depths:2)
  4 spark wasps (Depths:3)
  7 war gargoyles
  24 white draconians
  2 lorocyprocas (Depths:3)
  Snorg (Lair:3)
  3 merfolk javelineers (Shoals:4)
  10 merfolk impalers
  4 jiangshi
  16 ettins
  A green death (Depths:2)
  An eidolon (Crypt:2)
  7 yaktaur captains
  8 deep elf high priests
  8 crystal guardians
  A spriggan zombie (Crypt:3)
  An entropy weaver (Vaults:3)
  10 great orbs of eyes
  9 fire dragons
  A ragged hierophant (Vaults:2)
  An ogre mage (Vaults:5)
  6 rakshasas
  A catoblepas (Shoals:2)
  2 hell beasts (Depths:2)
  9 ice dragons
  2 peacekeepers
  35 vault guards
  9 anacondas
  6 salamander tyrants
  7 hydras
  3 spriggan air magi
  11 centaur warriors
  A death knight (Vaults:2)
  4 alligator snapping turtles
  2 fenstrider witch skeletons
  A satyr (Shoals:1)
  2 two-headed ogres
  4 ironbound frosthearts
  A spriggan skeleton (Crypt:3)
  3 boulder beetles
  30 dancing weapons
  8 deep troll earth magi
  5 deep troll shamans
  2 merfolk avatars
  3 merfolk aquamancers
  A vampire mage (Vaults:2)
  7 tengu warriors
  3 death yaks (Shoals:2)
  9 naga sharpshooters
  8 naga warriors
  An orc high priest (Orc:2)
  7 spriggan berserkers
  A titan zombie (Crypt:2)
  15 hell knights
  2 thrashing horrors (Lair:5)
  3 shock serpents
  3 spriggans (Depths:4)
  3 soul eaters
  12 deep elf knights
  5 salamander mystics
  A shadow wraith (Crypt:2)
  21 skeletal warriors
  6 iron trolls
  A sea snake (shapeshifter) (Vaults:4)
  7 skysharks
  10 sea snakes
  A golden dragon zombie (Crypt:3)
  9 bog bodies
  6 naga ritualists
  41 deep trolls
  9 mana vipers
  An anaconda zombie (Crypt:2)
  An obsidian statue (D:9)
  16 ironbound convokers
  2 glowing orange brains
  5 arcanists
  13 deep elf archers
  10 lindwurms
  34 deep elf zephyrmancers
  A swamp dragon (shapeshifter) (Vaults:5)
  8 harpies
  2 orange crystal statues
  5 thermic dynamos
  11 orc knights
  27 deep elf pyromancers
  2 flayed ghosts
  14 necromancers
  Pikel (D:6)
  A bunyip skeleton (Crypt:3)
  8 shining eyes
  An orc sorcerer (Orc:2)
  15 salamanders
  7 phantasmal warriors
  A wolf spider (D:13)
  A cyclops (shapeshifter) (Depths:3)
  8 cyclopes
  8 fauns
  A stone giant zombie (Crypt:3)
  28 moths of wrath
  An oklob plant (Lair:4)
  34 ugly things
  10 manticores
  A meliai (shapeshifter) (D:14)
  A stone giant skeleton (Vaults:1)
  2 elephants
  7 guardian serpents
  2 dire elephant zombies
  6 merfolk sirens
  32 black mambas
  4 eyes of devastation
  3 ice statues
  19 vault sentinels
  A rust devil (Depths:2)
  2 smoke demons
  16 naga magi
  A titan simulacrum (Crypt:2)
  A gargoyle (D:13)
  6 water nymphs
  4 cane toads
  2 kobold blastminers
  A catoblepas zombie (Crypt:1)
  A dire elephant skeleton (Crypt:3)
  An emperor scorpion simulacrum (Crypt:2)
  2 unseen horrors
  An unseen horror (shapeshifter) (Lair:5)
  A naga skeleton (Crypt:3)
  A minotaur zombie (Crypt:1)
  4 rime drakes
  15 yaktaurs
  2 anaconda simulacra (IceCv)
  2 kobold demonologists (D:14)
  A tormentor (Depths:1)
  An iron troll zombie (Crypt:2)
  4 freezing wraiths
  2 ice devils (IceCv)
  2 tengu conjurers
  6 komodo dragons
  23 merfolk
  3 human skeletons
  A troll (shapeshifter) (D:13)
  A sea snake skeleton (Crypt:2)
  A red devil (Depths:2)
  3 harpy zombies
  5 trolls
  A tyrant leech (Zot:4)
  5 wind drakes
  4 hornets
  A raiju (Lair:5)
  A death drake skeleton (Crypt:2)
  A harpy skeleton (Crypt:3)
  2 raiju (shapeshifter) (D:13)
  2 saltlings (Vaults:2)
  A culicivora zombie (Crypt:1)
  2 glass eyes
  13 blink frogs
  11 snapping turtles
  3 dream sheep (Shoals:3)
  2 centaur simulacra
  149 slime creatures
  4 air elementals
  2 ettin skeletons (Crypt:2)
  A tyrant leech zombie (Crypt:2)
  14 water elementals
  8 wraiths
  5 dire elephant simulacra (IceCv)
  A shadow (D:13)
  A golden eye (shapeshifter) (Lair:5)
  A fire elemental (Elf:3)
  17 yaks
  3 vampires
  4 wyverns
  An alligator snapping turtle simulacrum (Crypt:1)
  6 basilisks
  7 wargs
  A wind drake skeleton (Crypt:2)
  2 yaks (shapeshifter)
  12 golden eyes
  A redback (shapeshifter) (Depths:3)
  A steam dragon (D:9)
  5 vampire mosquitoes
  4 harpy simulacra
  Edmund (D:5)
  28 nagas
  A glowing shapeshifter zombie (Vaults:1)
  A swamp worm (shapeshifter) (Depths:3)
  A fire bat skeleton (Crypt:2)
  6 small abominations (Lair:5)
  16 water moccasins
  A naga zombie (Crypt:3)
  3 acid dragons
  3 black bears (D:8)
  37 orc warriors
  22 laughing skulls
  7 ogres
  13 wolves
  20 centaurs
  A lemure (D:6)
  A hog zombie (Crypt:2)
  A weeping skull (D:13)
  An elf zombie (Ossuary)
  2 kobold brigands (D:14)
  3 scorpions
  14 bullfrogs
  2 earth elementals (Elf:2)
  A yaktaur skeleton (Crypt:2)
  3 wights (D:10)
  2 burial acolytes (Ossuary)
  An elephant simulacrum (IceCv)
  10 killer bees
  A yak skeleton (Crypt:1)
  2 vampire bats (D:15)
  10 electric eels (D:10)
  A howler monkey (D:9)
  2 bombardier beetles (D:5)
  A human zombie (Ossuary)
  16 orc priests
  5 hounds
  18 orc wizards
  2 sleepcaps (D:4)
  3 iguanas
  A crocodile skeleton (Crypt:2)
  A hound zombie (Ossuary)
  2 mummies (Ossuary)
  A howler monkey skeleton (Crypt:1)
  A gnoll (D:1)
  8 adders
  A shadow imp (D:6)
  A white imp (D:8)
  A nameless horror (Orc:1)
  2 ufetubi (IceCv)
  An adder zombie (Ossuary)
  A ribbon worm (D:2)
  The ghost of fly the Sneak, a weakling KoDe (D:5)
  3 dart slugs
  81 orcs
  5 bat skeletons (D:15)
  5 endoplasms
  3 giant cockroaches
  6 goblins
  7 hobgoblins
  4 jackals (D:4)
  14 kobolds
  6 ball pythons
  2 bats (D:1)
  2 frilled lizards
  A jackal zombie (Crypt:1)
  An orc zombie (Ossuary)
  6 rats
  A spectral orc (D:13)
  An aspiring flesh (Zot:4)
  16 tentacles (Shoals:3)
2233 creatures vanquished.

Vanquished Creatures (collateral kills)
  Polyphemus (Shoals:2)
  Gastronok (D:10)
  A nagaraja (Snake:4)
  An azure jelly (Slime:2)
  A deep elf elementalist (Elf:3)
  2 orc warlords (Vaults:4)
  2 ironbound preservers
  3 dire elephants (Vaults:1)
  A merfolk impaler (Shoals:1)
  An ettin (Vaults:3)
  A salamander tyrant (Snake:4)
  A great orb of eyes (Vaults:2)
  A hydra (Lair:2)
  2 ironbound frosthearts (Vaults:1)
  4 boulder beetles
  A merfolk avatar (Shoals:1)
  A deep troll shaman (Depths:4)
  An anaconda (Snake:3)
  A naga sharpshooter (Snake:4)
  A death yak (Shoals:2)
  A naga warrior (Snake:3)
  2 skeletal warriors (D:15)
  4 large abominations (Lair:5)
  9 deep trolls
  A bog body (IceCv)
  4 orc knights
  A frost giant zombie (Vaults:1)
  3 ugly things
  A necromancer (IceCv)
  A tengu zombie (Vaults:1)
  4 salamanders
  An elephant (Lair:1)
  2 black mambas
  A kobold blastminer (Orc:2)
  A cane toad (shapeshifter) (D:14)
  A smoke demon (Lair:5)
  9 cane toads
  A rime drake (Lair:1)
  3 komodo dragons
  4 ice devils (IceCv)
  A tengu conjurer (D:13)
  A troll (D:12)
  A polar bear (Lair:5)
  9 blink frogs
  8 slime creatures
  A snapping turtle (Shoals:4)
  10 yaks
  A ynoxinul (Lair:5)
  A centaur simulacrum (D:14)
  3 basilisks
  A wyvern (Lair:2)
  3 wargs (Orc:1)
  A vampire mosquito (D:13)
  A naga (Snake:1)
  A small abomination (Lair:5)
  11 water moccasins
  15 orc warriors
  A black bear (Lair:1)
  4 wolves
  3 human zombies (Vaults:1)
  4 bullfrogs
  A kobold brigand (D:14)
  A nameless horror (Lair:3)
  2 orc priests
  2 orc wizards
  A troll simulacrum (IceCv)
  12 orcs
182 creatures vanquished.

Vanquished Creatures (others)
  A draconian knight (Zot:4)
  A ynoxinul (Lair:5)
  68 fulminant prisms
  22 tentacles (Shoals:3)
92 creatures vanquished.

Grand Total: 2507 creatures vanquished

Notes
Turn   | Place    | Note
-------+----------+-------------------------------------------
     0 | D:1      | Godo the Deep Elf Conjurer began the quest for the Orb.
     0 | D:1      | Reached XP level 1. HP: 10/10 MP: 6/6
   279 | D:1      | Reached XP level 2. HP: 15/15 MP: 6/8
   282 | D:1      | Learned a level 2 spell: Searing Ray
   836 | D:1      | Reached XP level 3. HP: 19/19 MP: 5/9
  1050 | D:2      | Identified the ring of the Winnowing Gods {rPois Dex+6}
  1317 | D:2      | Reached XP level 4. HP: 24/24 MP: 5/11
  1322 | D:2      | Learned a level 4 spell: Iskenderun's Mystic Blast
  1487 | D:2      | Found Bowakk's Distillery.
  1495 | D:2      | Bought a potion of curing for 39 gold pieces
  1694 | D:3      | Reached skill level 5 in Conjurations
  1743 | D:3      | Learned a level 4 spell: Fulminant Prism
  1879 | D:3      | Found a faded altar of an unknown god.
  1933 | D:3      | Identified the +0 robe of Pomegag {Slay+2 Stlth+}
  2167 | D:3      | Found a white marble altar of Elyvilon.
  2230 | D:3      | Reached skill level 5 in Stealth
  2524 | D:3      | Found a runed translucent door.
  2525 | D:3      | Noticed Crazy Yiuf
  2786 | D:4      | Reached skill level 5 in Spellcasting
  2786 | D:4      | Reached XP level 5. HP: 26/28 MP: 12/14
  2836 | D:4      | Reached skill level 1 in Translocations
  2892 | D:4      | Found an ancient bone altar of Kikubaaqudgha.
  3172 | D:4      | Reached XP level 6. HP: 32/32 MP: 10/15
  3427 | D:4      | Found Qaos's Book Shoppe.
  4226 | D:2      | Bought a potion of lignification for 39 gold pieces
  4272 | D:5      | Entered Level 5 of the Dungeon
  4319 | D:5      | Found a runed translucent door.
  4440 | D:5      | Reached XP level 7. HP: 36/36 MP: 9/16
  4494 | D:5      | Found a shimmering altar of Xom.
  4895 | D:5      | Found a staircase to the Ecumenical Temple.
  4896 | D:5      | Noticed Edmund
  4906 | D:5      | Killed Edmund
  4907 | D:5      | Reached skill level 5 in Translocations
  4920 | Temple   | Entered the Ecumenical Temple
  4948 | Temple   | Became a worshipper of Sif Muna the Loreminder
  5255 | D:5      | Reached skill level 1 in Alchemy
  5424 | D:5      | Noticed fly's ghost (weakling KoDe)
  5424 | D:5      | Noticed a yak
  5563 | D:6      | Reached XP level 8. HP: 41/41 MP: 7/18
  5693 | D:6      | Noticed Pikel
  5762 | D:6      | Killed Pikel
  6116 | D:6      | Reached skill level 5 in Alchemy
  6600 | D:7      | Found a sand-covered staircase.
  6605 | Ossuary  | Entered an ossuary
  6605 | Ossuary  | Found a huge runed translucent gate.
  6605 | Ossuary  | Found a huge runed translucent gate.
  6605 | Ossuary  | Found a huge runed translucent gate.
  6605 | Ossuary  | Found a huge runed translucent gate.
  6605 | Ossuary  | Found a huge runed translucent gate.
  6605 | Ossuary  | Found a huge runed translucent gate.
  6605 | Ossuary  | Found a huge runed translucent gate.
  6605 | Ossuary  | Found a huge runed translucent gate.
  6605 | Ossuary  | Found a huge runed translucent gate.
  6606 | Ossuary  | Found a huge runed translucent gate.
  6606 | Ossuary  | Found a huge runed translucent gate.
  6607 | Ossuary  | Found a huge runed translucent gate.
  6607 | Ossuary  | Found a huge runed translucent gate.
  6609 | Ossuary  | Found a huge runed translucent gate.
  6609 | Ossuary  | Found a huge runed translucent gate.
  6656 | Ossuary  | Found a huge runed translucent gate.
  6656 | Ossuary  | Found a huge runed translucent gate.
  6656 | Ossuary  | Found a huge runed translucent gate.
  6656 | Ossuary  | Found a huge runed translucent gate.
  6656 | Ossuary  | Found a huge runed translucent gate.
  6657 | Ossuary  | Found a huge runed translucent gate.
  6657 | Ossuary  | Found a huge runed translucent gate.
  6659 | Ossuary  | Found a huge runed translucent gate.
  6659 | Ossuary  | Found a huge runed translucent gate.
  6660 | Ossuary  | Found a huge runed translucent gate.
  6660 | Ossuary  | Found a huge runed translucent gate.
  6661 | Ossuary  | Found a huge runed translucent gate.
  6661 | Ossuary  | Found a huge runed translucent gate.
  6663 | Ossuary  | Found a huge runed translucent gate.
  6663 | Ossuary  | Found a huge runed translucent gate.
  6731 | Ossuary  | Found a huge runed translucent gate.
  6731 | Ossuary  | Found a huge runed translucent gate.
  6731 | Ossuary  | Found a huge runed translucent gate.
  6731 | Ossuary  | Found a huge runed translucent gate.
  6731 | Ossuary  | Found a huge runed translucent gate.
  6754 | Ossuary  | Reached skill level 1 in Fighting
  6981 | D:7      | Reached XP level 9. HP: 48/48 MP: 17/23
  7027 | D:7      | Noticed a troll
  7041 | D:7      | Killed a troll
  7182 | D:7      | Reached * piety under Sif Muna
  7459 | D:7      | Found a snail-covered altar of Cheibriados.
  7466 | D:7      | Reached skill level 5 in Dodging
  7931 | D:5      | Killed fly's ghost
  8393 | D:8      | Reached skill level 5 in Fighting
  8393 | D:8      | Reached skill level 1 in Invocations
  8635 | D:8      | Found a staircase to the Lair.
  9050 | D:8      | Reached skill level 5 in Invocations
  9236 | D:8      | Found a sparkling altar of Nemelex Xobeh.
  9236 | D:8      | Found a shadowy altar of Dithmenos.
  9241 | D:8      | Found a hide-covered altar of Uskayaw.
  9246 | D:8      | Found a stormy altar of Qazlal.
  9290 | D:8      | Identified 2 scrolls of acquirement
  9444 | D:8      | Reached XP level 10. HP: 59/59 MP: 7/24
  9669 | D:9      | Reached skill level 1 in Air Magic
  9848 | D:9      | Reached ** piety under Sif Muna
 10007 | D:9      | Found a flagged portal.
 10093 | Bailey   | Entered a bailey
 10171 | Bailey   | Noticed an orc knight
 10185 | Bailey   | Killed an orc knight
 10276 | Bailey   | Reached skill level 5 in Air Magic
 10390 | Bailey   | Found a large runed translucent door.
 10390 | Bailey   | Found a large runed translucent door.
 10408 | Bailey   | Noticed a deep elf zephyrmancer
 10463 | Bailey   | Killed a deep elf zephyrmancer
 10485 | Bailey   | Got the Opusculum on the Snowflakes and Violence
 10486 | Bailey   | Identified the ring "Qosucasch" {rElec rC+ Dex+4}
 10662 | D:4      | Bought a book of Storms for 338 gold pieces
 10667 | D:4      | Learned a level 4 spell: Airstrike
 10672 | D:4      | Learned a level 4 spell: Summon Lightning Spire
 10859 | D:9      | Reached skill level 1 in Summonings
 11009 | D:9      | Noticed an obsidian statue
 11419 | D:9      | Noticed an orange crystal statue
 11627 | D:9      | Found Utuewn's Magic Scroll Boutique.
 11628 | D:9      | You fall into a shaft and drop 1 floor!
 11628 | D:10     | Entered Level 10 of the Dungeon
 11908 | D:9      | Bought a scroll of fear for 48 gold pieces
 11908 | D:9      | Bought a scroll of identify for 24 gold pieces
 11908 | D:9      | Bought a scroll of identify for 24 gold pieces
 11908 | D:9      | Bought a scroll of identify for 24 gold pieces
 11908 | D:9      | Bought a scroll of identify for 24 gold pieces
 11922 | D:9      | Bought 2 scrolls of poison for 96 gold pieces
 12041 | D:9      | Killed an obsidian statue
 12042 | D:9      | Reached XP level 11. HP: 63/63 MP: 3/25
 12206 | D:9      | Killed an orange crystal statue
 12785 | D:10     | Noticed Gastronok
 13266 | D:10     | Found a basalt altar of Yredelemnul.
 13396 | D:10     | Found a staircase to the Orcish Mines.
 13471 | D:10     | Killed Gastronok
 13472 | D:10     | Reached skill level 10 in Spellcasting
 13472 | D:10     | Reached skill level 1 in Evocations
 14301 | D:11     | Noticed a two-headed ogre
 14304 | D:11     | Killed a two-headed ogre
 14760 | Lair:1   | Entered Level 1 of the Lair of Beasts
 14760 | Lair:1   | Found an ornate altar of the Wu Jian Council.
 14860 | Lair:1   | Found a frozen archway.
 14869 | IceCv    | Entered an ice cave
 15024 | IceCv    | Reached *** piety under Sif Muna
 15461 | IceCv    | Reached XP level 12. HP: 53/73 MP: 12/28
 15617 | IceCv    | Learned a level 5 spell: Irradiate
 16494 | Lair:1   | Reached skill level 1 in Shields
 17062 | Lair:1   | Got the Guidebook on Snowy Bedrock
 17798 | Lair:2   | Reached **** piety under Sif Muna
 17804 | Lair:2   | Noticed a boulder beetle
 17818 | Lair:2   | Killed a boulder beetle
 18182 | Lair:2   | Noticed a seven-headed hydra
 18204 | Lair:2   | Killed a seven-headed hydra
 18414 | Lair:2   | Noticed a four-headed hydra
 18440 | Lair:2   | Killed a four-headed hydra
 18441 | Lair:2   | Reached skill level 5 in Shields
 18916 | Lair:2   | Reached XP level 13. HP: 78/78 MP: 6/31
 19111 | Lair:2   | Identified the staff of Dried Tears {rC- rCorr Dex+2 Stlth+
                  | Conj}
 19132 | Lair:3   | Found a staircase to the Shoals.
 19238 | Lair:3   | Noticed Snorg
 19268 | Lair:3   | Killed Snorg
 19498 | Lair:3   | Reached skill level 5 in Evocations
 20256 | Lair:3   | Found a staircase to the Snake Pit.
 21252 | Lair:4   | Reached skill level 1 in Ice Magic
 21462 | Lair:4   | Reached ***** piety under Sif Muna
 21463 | Lair:4   | Reached skill level 2 in Ice Magic
 21947 | Lair:4   | Found a staircase to the Slime Pits.
 22358 | Lair:5   | Entered Level 5 of the Lair of Beasts
 22539 | Lair:5   | Reached skill level 3 in Ice Magic
 22814 | Lair:5   | Received a gift from Sif Muna
 22815 | Lair:5   | Got Hayrr's Monograph on Solid Austromancy {god gift}
 22818 | Lair:5   | Reached skill level 4 in Ice Magic
 23148 | Lair:5   | Reached skill level 10 in Conjurations
 23159 | Lair:5   | Reached skill level 5 in Ice Magic
 24096 | Lair:5   | Reached XP level 14. HP: 75/86 MP: 14/32
 24440 | Lair:5   | Reached skill level 6 in Ice Magic
 24892 | Lair:5   | Found a corrupted altar of Lugonu.
 24892 | Lair:5   | Found a one-way gate to the infinite horrors of the Abyss.
 25291 | Lair:5   | Learned a level 5 spell: Freezing Cloud
 25509 | Orc:1    | Entered Level 1 of the Orcish Mines
 25528 | Orc:1    | Reached skill level 7 in Ice Magic
 25530 | Orc:1    | Noticed an orc warlord
 25552 | Orc:1    | Killed an orc warlord
 25694 | Orc:1    | Found Osaedan's Vocational Training.
 25891 | Orc:2    | Entered Level 2 of the Orcish Mines
 27168 | Orc:2    | Reached skill level 8 in Ice Magic
 27323 | Orc:2    | Received a gift from Sif Muna
 27324 | Orc:2    | Got Sif Muna's Enchiridion on Fulmination {god gift}
 27426 | Orc:1    | Learned a level 5 spell: Iskenderun's Battlesphere
 27980 | Orc:2    | Reached skill level 10 in Fighting
 28332 | Orc:2    | Reached skill level 9 in Ice Magic
 28624 | Orc:2    | Found a staircase to the Elven Halls.
 28857 | Orc:2    | Found Uclet's Antique Weapon Emporium.
 28857 | Orc:2    | Found Cohuleif's Book Boutique.
 28859 | Orc:2    | Found Zuledgh's Magic Scroll Shop.
 28861 | Orc:2    | Found Qihykef's Book Shoppe.
 28868 | Orc:2    | Bought 2 scrolls of blinking for 240 gold pieces
 28868 | Orc:2    | Bought a scroll of teleportation for 48 gold pieces
 28947 | Orc:2    | Bought a slimy arbalest for 247 gold pieces
 28947 | Orc:2    | Identified the +3 arbalest of the Terrible God {flame,
                  | rElec Will+} (You bought it in a shop on level 2 of the
                  | Orcish Mines)
 28949 | Orc:2    | Bought a pitted rapier for 234 gold pieces
 28949 | Orc:2    | Identified the +4 rapier of Lies {pain, *Noise rCorr Str+2}
                  | (You bought it in a shop on level 2 of the Orcish Mines)
 30054 | D:12     | Reached skill level 10 in Ice Magic
 31033 | D:13     | Reached skill level 11 in Ice Magic
 31789 | D:13     | Reached XP level 15. HP: 92/92 MP: 21/35
 31877 | D:13     | Reached skill level 12 in Ice Magic
 32316 | D:13     | Found a basalt altar of Yredelemnul.
 33215 | D:14     | Received a gift from Sif Muna
 33216 | D:14     | Got Sif Muna's Codex of Impure Assaults {god gift}
 33420 | D:14     | Reached skill level 13 in Ice Magic
 33687 | D:14     | Identified the +2 dagger "Ygameihoenk" {elec, ^Drain Int+4
                  | Dex+3}
 34005 | D:14     | Found a gate to the Vaults.
 34303 | D:14     | Noticed Agnes
 34325 | D:14     | Killed Agnes
 34603 | D:15     | Entered Level 15 of the Dungeon
 34629 | D:15     | Reached skill level 14 in Ice Magic
 35397 | D:15     | Learned a level 6 spell: Bombard
 35406 | D:15     | Reached skill level 1 in Earth Magic
 35670 | D:15     | Found an ancient bone altar of Kikubaaqudgha.
 36091 | D:15     | Found a staircase to the Depths.
 36091 | D:15     | Noticed a fire giant
 36099 | D:15     | Killed a fire giant
 36609 | Shoals:1 | Entered Level 1 of the Shoals
 36778 | Shoals:1 | Found Amuesioz's Distillery.
 36783 | Shoals:1 | Bought 2 potions of heal wounds for 130 gold pieces
 36809 | Shoals:1 | Reached skill level 15 in Ice Magic
 36840 | Shoals:1 | Found a transporter.
 37599 | Shoals:1 | Reached skill level 5 in Earth Magic
 38444 | Shoals:1 | Found Abriozo's Armour Shop.
 38634 | Shoals:1 | Found a bloodstained altar of Trog.
 38634 | Shoals:1 | Noticed Weciw's ghost (adept TrSh)
 38645 | Shoals:1 | Found a transporter.
 38733 | Shoals:1 | Found Vedwu's Distillery.
 38836 | Shoals:1 | Received a gift from Sif Muna
 38837 | Shoals:1 | Got Uleenehera's Treatise on Snow-white Intoxication {god
                  | gift}
 39497 | Shoals:2 | Noticed Polyphemus
 39521 | Shoals:2 | Killed Polyphemus
 39941 | Shoals:2 | Reached XP level 16. HP: 92/97 MP: 27/36
 40046 | Shoals:2 | Identified the ring of Ethrorae {Int+6 Slay+3}
 40233 | Shoals:2 | Learned a level 3 spell: Ozocubu's Armour
 40257 | Shoals:2 | Found a large runed translucent door.
 40257 | Shoals:2 | Found a large runed translucent door.
 40259 | Shoals:2 | Noticed Sufi's ghost (adept GrEE)
 40489 | Shoals:3 | Reached skill level 15 in Spellcasting
 40765 | Shoals:3 | Noticed a kraken
 40765 | Shoals:3 | Noticed a kraken
 40765 | Shoals:3 | Noticed a kraken
 40765 | Shoals:3 | Noticed a kraken
 40856 | Snake:1  | Entered Level 1 of the Snake Pit
 41808 | Snake:1  | Reached skill level 10 in Earth Magic
 44473 | Snake:3  | Noticed Vashnia
 44586 | Snake:3  | Reached skill level 1 in Armour
 45262 | Snake:3  | Received a gift from Sif Muna
 45263 | Snake:3  | Got Sif Muna's Incunable of the Mantle and Remains {god
                  | gift}
 45296 | Snake:3  | Found Myush's Tiny Tomes.
 46092 | Snake:2  | Acquired 1003 gold pieces
 46097 | Snake:2  | Acquired the +3 Elemental Staff {ele, rElec rF+ rC+ AC+3}
 46097 | Snake:2  | Found the +3 Elemental Staff {ele, rElec rF+ rC+ AC+3}
 46104 | Snake:2  | Acquired the Unrestrained Analects
 46115 | Snake:2  | Learned a level 7 spell: Ozocubu's Refrigeration
 46445 | Snake:3  | Noticed Saint Roka
 46469 | Snake:3  | Killed Saint Roka
 46820 | Shoals:3 | Killed a kraken
 46821 | Shoals:3 | Reached XP level 17. HP: 102/102 MP: 10/38
 46823 | Shoals:3 | Killed a kraken
 46825 | Shoals:3 | Killed a kraken
 46825 | Shoals:3 | Killed a kraken
 47509 | Shoals:3 | Noticed a kraken
 47516 | Shoals:3 | Killed a kraken
 48246 | Shoals:4 | Entered Level 4 of the Shoals
 48824 | Shoals:4 | Reached skill level 16 in Ice Magic
 49424 | Shoals:4 | Got a barnacled rune of Zot
 49489 | Shoals:4 | Reached skill level 5 in Armour
 49628 | Shoals:4 | Reached skill level 10 in Dodging
 50376 | Shoals:4 | Received a gift from Sif Muna
 50377 | Shoals:4 | Got Sif Muna's Commentary on Gritty Calling {god gift}
 50867 | Shoals:4 | Learned a level 5 spell: Metabolic Englaciation
 51072 | Snake:3  | Killed Vashnia
 51991 | Snake:4  | Entered Level 4 of the Snake Pit
 53111 | Snake:4  | Reached skill level 17 in Ice Magic
 53790 | Snake:4  | Reached XP level 18. HP: 110/110 MP: 31/40
 54828 | Snake:4  | Got a serpentine rune of Zot
 55115 | Elf:1    | Entered Level 1 of the Elven Halls
 55703 | Elf:1    | Received a gift from Sif Muna
 55705 | Elf:1    | Reached skill level 18 in Ice Magic
 56568 | Elf:1    | Paralysed by an air elemental for 1 turns
 57705 | Elf:2    | Found a runed translucent gate.
 57705 | Elf:2    | Found a runed translucent gate.
 57706 | Elf:2    | Found a runed translucent gate.
 57929 | Elf:2    | Noticed Roxanne
 58111 | Elf:2    | Received a gift from Sif Muna
 58115 | Elf:2    | Got Sif Muna's Handbook of Freezing Striking {god gift}
 58415 | Elf:2    | Reached skill level 19 in Ice Magic
 59097 | Elf:3    | Entered Level 3 of the Elven Halls
 59365 | Elf:3    | Reached XP level 19. HP: 119/119 MP: 33/41
 59645 | Elf:3    | Found Rassouw's Distillery.
 59652 | Elf:3    | Bought a potion of magic for 112 gold pieces
 59683 | Elf:3    | Found Nathix's Weapon Boutique.
 60539 | Elf:3    | Paralysed by an air elemental for 1 turns
 60583 | Elf:3    | Found Monuep's Weapon Shop.
 60584 | Elf:3    | Found Usohaoha's Armour Shop.
 60784 | Elf:3    | Found Nathix's Weapon Boutique.
 60882 | Elf:3    | Identified the +8 plate armour "Daast" {rElec Int-5 Dex+3
                  | Stlth+}
 61184 | Elf:3    | Found Usohaoha's Armour Shop.
 61209 | Elf:3    | Found Monuep's Weapon Shop.
 61399 | Elf:3    | Identified the +3 spear "Jyasumeo" {flame, rElec rPois
                  | Dex-3 SInv}
 61690 | Elf:3    | Found Rassouw's Distillery.
 61850 | Elf:3    | Identified the +10 mace "Fostraluu" {speed, rF+ rN+ rCorr
                  | Str-2 Dex+3}
 61850 | Elf:3    | Identified the ring of Syniufol {rPois Int+3 Stlth+}
 61854 | Elf:3    | Reached skill level 20 in Ice Magic
 62251 | Elf:3    | Identified the +10 rapier "Beastbane" {distort, Int+3}
 62621 | Elf:3    | Identified the +5 short sword "Zelaq" {antimagic, rC+}
 63141 | Elf:3    | Got the Secrets of Grey Frostbite
 63162 | Elf:3    | Identified the +4 orcbow "Widuc" {freeze, rC+ MP+9 Str+3}
 63474 | Vaults:1 | Entered Level 1 of the Vaults
 64102 | Vaults:1 | Noticed Asterion
 64107 | Vaults:1 | Killed Asterion
 64645 | Vaults:1 | Identified the +3 leather armour "Teexu" {rN+++}
 65875 | Vaults:1 | Noticed Zenata
 65894 | Vaults:1 | Reached skill level 21 in Ice Magic
 66378 | Vaults:1 | Reached skill level 15 in Fighting
 66750 | Vaults:1 | Reached XP level 20. HP: 129/129 MP: 17/42
 67062 | Vaults:2 | Received a gift from Sif Muna
 67064 | Vaults:2 | Got Dotolem's Book of Fatal Allies {god gift}
 67530 | Vaults:2 | Found a staircase to the Crypt.
 67741 | Vaults:2 | Reached skill level 22 in Ice Magic
 68220 | Vaults:2 | Found Baos's Antique Weapon Shoppe.
 68985 | Vaults:2 | Noticed Xtahua
 68994 | Vaults:2 | Killed Xtahua
 69220 | Vaults:2 | Identified the serpent talisman of Ofuer {Will+}
 69220 | Vaults:2 | Noticed Aizul
 69229 | Vaults:2 | Killed Aizul
 69677 | Vaults:2 | Reached skill level 23 in Ice Magic
 70043 | Vaults:2 | Found a portal to a secret trove of treasure.
 70376 | Shoals:1 | Bought a potion of resistance for 190 gold pieces
 70714 | Vaults:2 | You paid a toll of 3 potions of resistance to enter a
                  | treasure trove
 70715 | Trove    | Entered a treasure trove
 72259 | Vaults:3 | Received a gift from Sif Muna
 72260 | Vaults:3 | Got Sif Muna's Incunable of the Excruciating Crevasse {god
                  | gift}
 72962 | Vaults:3 | Found Acannyppa's Armour Shop.
 74994 | Vaults:4 | Reached XP level 21. HP: 130/134 MP: 10/44
 75326 | Vaults:4 | Identified the amulet "Rinajim" {Reflect *Corrode rElec
                  | Regen+ MP+9 SH+5}
 76332 | Vaults:4 | Reached skill level 24 in Ice Magic
 76938 | Slime:1  | Entered Level 1 of the Pits of Slime
 77414 | Slime:1  | Received a gift from Sif Muna
 77415 | Slime:1  | Got Sif Muna's Treatise on the Shared Ouroboros {god gift}
 77433 | Lair:4   | Learned a level 9 spell: Polar Vortex
 79512 | Slime:3  | Received a gift from Sif Muna
 79515 | Slime:3  | Got Sif Muna's Dissertation on the Refulgent Vector {god
                  | gift}
 80281 | Slime:5  | Entered Level 5 of the Pits of Slime
 80470 | Slime:5  | Gained mutation: Your body sometimes deteriorates upon
                  | taking damage. [a shining eye]
 81811 | Slime:5  | Noticed the Royal Jelly
 81815 | Slime:5  | Gained mutation: Your magical capacity is low. (-10% MP) [a
                  | shining eye]
 81819 | Slime:5  | Killed the Royal Jelly
 81820 | Slime:5  | Reached skill level 25 in Ice Magic
 81990 | Slime:5  | Gained mutation: You are weak. (Str -2) [mutagenic glow]
 82102 | Slime:5  | Identified the +7 halberd "Hatt" {venom, *Noise rElec rF++
                  | Stlth+}
 82109 | Slime:5  | Got a slimy rune of Zot
 82154 | Slime:5  | Identified the amulet of Idisim {Acrobat Harm rN+ Int+3
                  | Dex-2}
 82201 | Slime:5  | Identified the +1 ring mail "Dotuofak" {Int+6}
 82211 | Slime:5  | Identified the +5 morningstar of Analysis {freeze, rF- rN+
                  | Int+4 Stlth+}
 82225 | Slime:5  | Identified the +1 rapier of the Final Chapter {heavy, rElec
                  | rPois rCorr Dex-2}
 82231 | Slime:5  | Identified the ring of the Voivode {rPois Int+3}
 82401 | Slime:5  | Lost mutation: You are weak. (Str -2) [potion of mutation]
 82401 | Slime:5  | Lost mutation: Your body sometimes deteriorates upon taking
                  | damage. [potion of mutation]
 82401 | Slime:5  | Lost mutation: Your magical capacity is low. (-10% MP)
                  | [potion of mutation]
 82401 | Slime:5  | Gained mutation: You do not regenerate when monsters are
                  | visible. [potion of mutation]
 82401 | Slime:5  | Gained mutation: Armour fits poorly on your strangely
                  | shaped body. [potion of mutation]
 82401 | Slime:5  | Gained mutation: You sometimes lose your temper in combat.
                  | [potion of mutation]
 82401 | Slime:5  | Gained mutation: You passively dampen the noise of your
                  | surroundings. [potion of mutation]
 82402 | Slime:5  | Lost mutation: You do not regenerate when monsters are
                  | visible. [potion of mutation]
 82402 | Slime:5  | Lost mutation: You sometimes lose your temper in combat.
                  | [potion of mutation]
 82402 | Slime:5  | Lost mutation: Armour fits poorly on your strangely shaped
                  | body. [potion of mutation]
 82402 | Slime:5  | Gained mutation: You are clumsy. (Dex -2) [potion of
                  | mutation]
 82841 | Vaults:5 | Entered Level 5 of the Vaults
 82845 | Vaults:5 | Received a gift from Sif Muna
 82846 | Vaults:5 | Reached XP level 22. HP: 127/140 MP: 48/48
 83131 | Vaults:5 | Identified the ring "Rafaera" {rPois rF+ Will+ rCorr}
 84834 | Vaults:5 | Noticed a golden dragon
 84840 | Vaults:5 | Killed a golden dragon
 85467 | Vaults:5 | Reached skill level 15 in Dodging
 86123 | Vaults:5 | Reached skill level 10 in Armour
 86287 | Vaults:5 | Got a silver rune of Zot
 86319 | Vaults:5 | Got Sif Muna's Incunable of Momentum {god gift}
 86392 | Vaults:5 | Received a gift from Sif Muna
 86508 | Vaults:5 | Got Sif Muna's Quarto of Xanthosis {god gift}
 86641 | Vaults:5 | Identified the +4 chain mail of the Snake Pit {Fly rPois}
 86905 | Vaults:5 | Identified the staff of the Powerful God {rElec Stlth+ Air}
 87194 | Depths:1 | Entered Level 1 of the Depths
 87271 | Depths:1 | Identified the ring "Vonley" {rF+ rN+ rCorr MP+9 Slay+2}
 87304 | Depths:1 | Found a gateway to Hell.
 88118 | Depths:1 | Found a one-way gateway to a ziggurat.
 88249 | Depths:1 | Reached XP level 23. HP: 135/144 MP: 25/49
 88705 | Depths:1 | Found Xuysh's One-of-a-Kind Books.
 88729 | Depths:1 | Noticed Nikola
 88734 | Depths:1 | Killed Nikola
 89158 | Depths:2 | Noticed Mara
 89162 | Depths:2 | Killed Mara
 89468 | Depths:2 | Found a one-way gate leading to the halls of Pandemonium.
 90976 | Depths:3 | Found Vogatogolu's Magic Scroll Shop.
 90984 | Depths:3 | Bought a scroll of fear for 72 gold pieces
 90984 | Depths:3 | Bought a scroll of fog for 72 gold pieces
 90984 | Depths:3 | Bought a scroll of revelation for 135 gold pieces
 91334 | Depths:3 | Received a gift from Sif Muna
 91335 | Depths:3 | Got Sif Muna's Vademecum on Calefaction and the
                  | Congregation {god gift}
 91682 | Depths:3 | Noticed a caustic shrike
 91686 | Depths:3 | Killed a caustic shrike
 91687 | Depths:3 | Reached skill level 15 in Earth Magic
 91868 | Depths:3 | Noticed a juggernaut
 91873 | Depths:3 | Killed a juggernaut
 92603 | Depths:2 | Reached skill level 15 in Conjurations
 92790 | Depths:2 | Noticed a juggernaut
 92808 | Depths:2 | Killed a juggernaut
 93210 | Depths:2 | Found the +12 glaive of Prune {freeze, Prune}
 94279 | Depths:3 | Found Fustas's Jewellery Boutique.
 94290 | Depths:3 | Bought an amulet of magic regeneration for 480 gold pieces
 94672 | Depths:3 | Reached XP level 24. HP: 93/150 MP: 11/49
 95008 | Depths:3 | Noticed an ancient lich
 95016 | Depths:3 | Killed an ancient lich
 95153 | Depths:3 | Noticed an ancient lich
 95292 | Depths:3 | Killed an ancient lich
 95905 | Depths:4 | Entered Level 4 of the Depths
 95905 | Depths:4 | Noticed Grunn
 95911 | Depths:4 | Killed Grunn
 95911 | Depths:4 | Received a gift from Sif Muna
 95912 | Depths:4 | Got Sif Muna's Cyclopedia of the Mutated Barrage {god gift}
 96734 | Depths:4 | Found a blossoming altar of Fedhas.
 97099 | Depths:4 | Found a gate to the Realm of Zot.
 97627 | Crypt:1  | Entered Level 1 of the Crypt
 98027 | Crypt:1  | Learned a level 8 spell: Lehudib's Crystal Spear
 98086 | Crypt:1  | Noticed Margery
 98091 | Crypt:1  | Killed Margery
 98241 | Crypt:1  | Received a gift from Sif Muna
 98808 | Crypt:2  | Reached skill level 26 in Ice Magic
 99290 | Crypt:2  | Identified the +2 chain mail of Uskayaw's Wrath {rC+ Int+2}
 99504 | Crypt:2  | Found a runed translucent gate.
 99504 | Crypt:2  | Found a runed translucent gate.
 99504 | Crypt:2  | Found a runed translucent gate.
 99511 | Crypt:2  | Received a gift from Sif Muna
 99548 | Crypt:2  | Noticed Juymismo's ghost (legendary GrBe)
 99548 | Crypt:2  | Noticed Juymismo's ghost (legendary GrBe)
 99558 | Crypt:2  | Killed Juymismo's ghost
 99568 | Crypt:2  | Killed Juymismo's ghost
 99695 | Crypt:2  | Identified the +2 dagger "Tyninian" {venom, rPois rC-
                  | Str+4}
100202 | Crypt:3  | Entered Level 3 of the Crypt
100359 | Crypt:3  | Reached XP level 25. HP: 151/155 MP: 41/51
100819 | Crypt:3  | Found a staircase to the Tomb.
100887 | Crypt:3  | Noticed an ancient lich
100888 | Crypt:3  | Found a basalt altar of Yredelemnul.
100892 | Crypt:3  | Killed an ancient lich
101366 | Crypt:3  | Received a gift from Sif Muna
101529 | Crypt:3  | Identified the ring "Buaq" {rElec rC+ Will+ Dex+6}
102629 | Zot:1    | Entered Level 1 of the Realm of Zot
103760 | Zot:1    | Received a gift from Sif Muna
104296 | Zot:1    | Identified the +5 plate armour of Oblivion {rElec rPois rC-
                  | Dex+3}
105339 | Zot:2    | Reached skill level 10 in Shields
105548 | Zot:2    | Found the +4 dragonskin cloak
105548 | Zot:2    | Noticed Tiamat
105915 | Zot:2    | Killed Tiamat
106368 | Zot:2    | Reached XP level 26. HP: 160/160 MP: 40/53
107420 | Zot:3    | Received a gift from Sif Muna
107421 | Zot:3    | Got Sif Muna's Compilation of Topology and the Grave {god
                  | gift}
107877 | Zot:3    | You fall into a shaft and drop 1 floor!
109094 | Zot:4    | Identified the +2 glaive "Icweh" {chaos, rN+ Will+}
110888 | Zot:5    | Entered Level 5 of the Realm of Zot
111294 | Zot:5    | Noticed an ancient lich
111295 | Zot:5    | Noticed an ancient lich
111295 | Zot:5    | Killed an ancient lich
111301 | Zot:5    | Killed an ancient lich
112267 | Zot:5    | Learned a level 4 spell: Passage of Golubria
112270 | Zot:5    | Learned a level 2 spell: Blink
112602 | Zot:5    | Noticed an ancient lich
112612 | Zot:5    | Killed an ancient lich
112725 | Zot:5    | Noticed an ancient lich
112731 | Zot:5    | Killed an ancient lich
112732 | Zot:5    | Reached XP level 27. HP: 168/168 MP: 29/53
112807 | Zot:5    | Noticed an orb of fire
112815 | Zot:5    | Noticed a dread lich
112817 | Zot:5    | Gained mutation: Your spells are a little easier to cast,
                  | but a little less powerful. [an orb of fire]
112820 | Zot:5    | Killed a dread lich
112820 | Zot:5    | Gained mutation: Armour fits poorly on your strangely
                  | shaped body. [an orb of fire]
112822 | Zot:5    | Killed an orb of fire
113212 | Zot:5    | Noticed an ancient lich
113222 | Zot:5    | Killed an ancient lich
113364 | Zot:5    | Noticed a dread lich
113364 | Zot:5    | Noticed an orb of fire
113366 | Zot:5    | Noticed a dread lich
113370 | Zot:5    | Gained mutation: You are vulnerable to heat. (rF-) [an orb
                  | of fire]
113371 | Zot:5    | Killed an orb of fire
113375 | Zot:5    | Killed a dread lich
113391 | Zot:5    | Killed a dread lich
113392 | Zot:5    | Reached skill level 15 in Shields
113643 | Zot:5    | Got the Orb of Zot
113795 | Depths:3 | Noticed Conietoc the pandemonium lord
113800 | Depths:3 | Killed Conietoc the pandemonium lord
114278 | D:$      | Escaped with the Orb!

Illustrated notes

Levels and vault maps discovered:
D:1:      onia_arrival_handbag, layout_loops_cross,
          nicolae_twisty_statue_hallways
D:2:      layout_basic, serial_shops, nicolae_diamond_shop
D:3:      layout_loops_cross, elyvilon_altar_1,
          hellmonk_ecumenical_altar_crossroads, minmay_box_of_dots,
          uniq_crazy_yiuf_cottage
D:4:      layout_cave_pools, mainiacjoe_overflow_paths, serial_shops, shop,
          serial_library_hellmonk_secret_room
D:5:      layout_basic, lemuel_coloured_pillars_altar,
          minmay_temple_entry_wispy, ebering_ghost_inner_flame, feat_on_display,
          uniq_edmund
D:6:      layout_cave_pools, grunt_ministairs_13, nicolae_elevator_lobby_plus,
          uniq_pikel
D:7:      layout_basic, cheibriados_altar_1, enter_ossuary_2
D:8:      layout_basic, nicolae_overflow_macrodata_refinement,
          due_lair_maze_entry_diamond, chequers_arboretum
D:9:      minmay_separated_statues, layout_cave_pods, serial_shops,
          nicolae_shop_crystal, enter_bailey_2
D:10:     layout_basic, mainiacjoe_overflow_six_doors_small, orc_0_dummy,
          minmay_misc_feat_room, uniq_josephine, uniq_gastronok
D:11:     layout_rooms, minivault_21
D:12:     layout_stronghold, evilmike_butchery
D:13:     minmay_ornate_pinched, layout_gridville,
          yredelemnul_forgotten_temple_becter
D:14:     layout_basic, skrybe_vaults_entry_preservation,
          corexii_hall_statues_i, uniq_agnes
D:15:     grunt_enter_depths_giant_problem, layout_rooms,
          kennysheep_vampire_church
Temple:   oiseaux_autumnal_temple
Lair:1:   layout_regular_city, portal_ice_cave_entry_ice_simulacra, basic_altar,
          grunt_megastairs_1
Lair:2:   layout_gridlike, nicolae_lair_lil_pond, minmay_lindwurm_lava
Lair:3:   layout_regular_city, nicolae_shoals_entry_flooding,
          minmay_snake_entry_six_corridors, uniq_snorg
Lair:4:   layout_hall_layers, slime_entry_1
Lair:5:   hellmonk_lair_end_abyssal_woods, layout_long_grid, grunt_megastairs_4
Shoals:1: layout_shoals, serial_shops, nicolae_take_the_stairs,
          nicolae_shop_hallway_plus, nicolae_shop_trees,
          gammafunk_ghost_wrathful_warriors
Shoals:2: layout_shoals, ebering_ghost_disaster_area, uniq_polyphemus
Shoals:3: layout_shoals, nicolae_shoals_kraken_party
Shoals:4: shoals_end_simple, layout_shoals
Snake:1:  layout_rooms, serial_bayou_shore_b
Snake:2:  layout_chambers
Snake:3:  layout_honeycomb, nicolae_shop_i_like_small_books_too, drop_trap,
          serial_bayou_shore_a, uniq_vashnia, uniq_saint_roka
Snake:4:  hellmonk_snake_rune_quicksilver_temple, layout_cave_town
Slime:1:  layout_caves
Slime:2:  nicolae_slime_spelunking
Slime:3:  layout_caves, cheibrodos_slime_lost_civilization_4
Slime:4:  layout_caves
Slime:5:  slime_pit_nicolae_amoeboid
Orc:1:    cheibrodos_orc_guarddog, layout_diamond_mine, nicolae_shop_vocational
Orc:2:    st_orc_rangers, layout_caves
Elf:1:    minmay_elf_arrival_plus, layout_onion_city, nicolae_elf_crossing_hall
Elf:2:    elven_hall_of_blades_hangedman_original
          [nicolae_blade_entry_crossed_weapons], layout_geoelf_diagonals,
          uniq_roxanne
Elf:3:    minmay_elf_hall_not_hex, layout_gridlike, serial_shops,
          nicolae_shop_tiny_glass, shop, nicolae_shop_real_fake_doors,
          nicolae_shop_pleasant_corner_grove
Vaults:1: nicolae_vaults_corpse_flower, v_pattern_4,
          nicolae_vaults_little_squares_4, v_alt_pattern_6, v_rooms_1,
          vaults_room_door_ring, nicolae_vaults_little_squares_5,
          ontoclasm_vaults_loading_screen, layout_vaults_big_room,
          uniq_asterion, uniq_zenata
Vaults:2: portal_desolation_entry_salt, v_misc_18,
          minmay_crypt_entry_simple_corners, vaults_standard_mumra_x,
          nicolae_vaults_asterisk, vaults_dpeg_hooks, hangedman_vaults_stitches,
          nicolae_vaults_little_squares_3, nicolae_vaults_storage_closets_3,
          nicolae_vaults_tetromino_Z_1, nicolae_vaults_sesquioval_fish,
          ontoclasm_vaults_gateway, nicolae_vaults_little_ls, v_misc_11,
          ontoclasm_vaults_loading_screen, v_misc_19, layout_vaults_maze,
          enter_trove_5, serial_shops, shop, uniq_xtahua, uniq_aizul
Vaults:3: nicolae_vaults_little_squares_3,
          vaults_standard_mumra_enter_the_diamond, grunt_vaults_focal,
          nicolae_vaults_yaktaur_gun_rack, ontoclasm_vaults_pinch,
          vaults_mumra_minichess, nicolae_vaults_twisting_passages,
          nicolae_vaults_asterisk, grunt_vaults_diagonal, vaults_room_fours,
          nicolae_vaults_security_offices_2, nicolae_vaults_stepped_doors,
          layout_vaults_ring, serial_shops, nicolae_shop_behind_doors
Vaults:4: nicolae_vaults_two_Ls, nicolae_vaults_sesquioval_fish, v_misc_17,
          vaults_dpeg_encased_lava, vaults_mumra_bighexcomb, v_misc_19,
          nicolae_vaults_trapezoid_lopsided_3, nicolae_vaults_little_squares_2,
          layout_vaults_quadrants
Vaults:5
Crypt:1:  layout_regular_city, uniq_margery
Crypt:2:  layout_gridlike, gammafunk_ghost_cemetery, minmay_strange_pillars,
          amcnicky_mini_rare_corridor_liquid, lemuel_upstairs_altar,
          grunt_megastairs_2
Crypt:3:  cryptofortress_bobbens
Depths:1: layout_gridville, enter_ziggurat_c, abyss_entry, hell_entry,
          columned_hall_lemuel, minivault_16, minmay_misc_feat_doors,
          grunt_ministairs_3, nicolae_rare_books, hangedman_decor_points,
          minmay_gold_behind_fungi, kennysheep_generic_room_2, uniq_nikola
Depths:2: kennysheep_four_of_diamonds, layout_honeycomb, grunt_pan_entry_spiral,
          grunt_hell_entry_dis_old, infiniplex_staircase_door_maze, uniq_mara
Depths:3: angbandy_vault, layout_gridlike, rand_demon_pan_entry_1, serial_shops,
          nicolae_shop_pleasant_corner_grove, nicolae_shop_peninsula,
          minmay_parallelograms, abyss_entry_small_statue_room, hell_entry
Depths:4: grunt_zot_entry_bicorn, layout_small_grid, hangedman_coc_ice_floe,
          minmay_misc_feat_plants, fedhas_altar_3, uniq_grunn
Zot:1:    hangedman_zot_vaults_quadrants, layout_concentric_octagons
Zot:2:    layout_gridlike, uniq_tiamat
Zot:3:    layout_onion, uniq_josephina
Zot:4:    cheibrodos_frozen_isle, layout_basic, st_stairs_4,
          nicolae_lava_and_water
Zot:5:    layout_misc_corridors, grunt_ministairs_8, skrybe_zot_glass_3

Skill      XL: |  1  2  3  4  5  6  7  8  9 10 11 12 13 14 15 16 17 18 19 20 21 22 23 24 25 26 27 |
---------------+----------------------------------------------------------------------------------+-----
Stealth        | 3 4 5 |  5.0
Spellcasting   | 5 8 10 12 14 15 16 17 20 22 24 | 24.0
Conjurations   | 5 6 7 8 10 11 12 16 17 18 | 18.0
Translocations | 2 4 5 |  5.0
Alchemy        | 3 5 7 8 |  8.0
Fighting       | 2 5 8 9 10 11 13 15 16 | 16.8
Dodging        | 4 5 6 7 10 11 12 15 | 15.0
Invocations    | 6 9 |  9.0
Air Magic      | 6 7 8 9 |  9.0
Summonings     | 2 4 |  4.0
Evocations     | 4 5 |  5.0
Shields        | 5 10 14 15 | 15.0
Ice Magic      | 5 11 15 17 19 21 23 25 26 | 26.5
Earth Magic    | 7 12 13 16 17 18 19 20 | 20.3
Armour         | 3 5 6 10 | 10.0

Action                     |  1- 3 |  4- 6 |  7- 9 | 10-12 | 13-15 | 16-18 | 19-21 | 22-24 | 25-27 || total
---------------------------+-------+-------+-------+-------+-------+-------+-------+-------+-------++-------
  Melee: Spear             |     2 |     7 |     1 |     1 |       |       |       |       |       ||    11
         Staff             |       |       |       |       |    43 |     1 |     8 |     2 |     1 ||    55
  Throw: Throwing net      |       |       |       |       |     1 |     3 |     1 |       |       ||     5
         Dart              |       |       |       |       |     1 |     1 |     1 |       |       ||     3
   Cast: Magic Dart        |    56 |   101 |    75 |    30 |   232 |   595 |    40 |       |       ||  1129
         Searing Ray       |     3 |    17 |    31 |    24 |    10 |     2 |       |       |       ||    87
         Iskenderun's Myst |       |     2 |    43 |   119 |   186 |    89 |   110 |    23 |    28 ||   600
         Fulminant Prism   |       |       |    10 |    38 |     5 |       |       |    12 |     3 ||    68
         Airstrike         |       |       |       |    68 |   317 |    57 |    46 |     9 |     1 ||   498
         Summon Lightning  |       |       |       |    33 |   105 |    14 |    45 |     1 |       ||   198
         Irradiate         |       |       |       |     2 |     9 |    16 |    19 |    22 |     7 ||    75
         Iskenderun's Batt |       |       |       |       |    46 |   113 |     7 |       |       ||   166
         Freezing Cloud    |       |       |       |       |    12 |     6 |       |       |       ||    18
         Bombard           |       |       |       |       |     1 |    39 |   156 |   266 |    83 ||   545
         Ozocubu's Refrige |       |       |       |       |       |   179 |   348 |   382 |   324 ||  1233
         Ozocubu's Armour  |       |       |       |       |       |    32 |     9 |    20 |    28 ||    89
         Metabolic Englaci |       |       |       |       |       |     6 |    21 |     8 |    10 ||    45
         Polar Vortex      |       |       |       |       |       |       |     8 |    17 |    26 ||    51
         Lehudib's Crystal |       |       |       |       |       |       |       |    42 |   165 ||   207
         Passage of Golubr |       |       |       |       |       |       |       |       |     3 ||     3
 Invoke: Channel Magic     |       |       |       |     5 |     4 |     9 |    15 |     7 |    17 ||    57
  Evoke: Wand              |       |       |     1 |     2 |     5 |     5 |     2 |       |       ||    15
         Condenser vane    |       |       |       |     1 |     1 |     1 |       |       |       ||     3
    Use: Scroll            |       |     4 |     5 |    14 |     5 |     9 |     6 |     1 |    15 ||    59
         Potion            |       |       |       |       |     1 |     2 |    12 |       |     7 ||    22
   Stab: Sleeping          |     2 |     2 |       |       |       |       |       |       |       ||     4
         Distracted        |       |       |       |       |     1 |       |     1 |       |       ||     2
 Armour: Robe              |       |     7 |    11 |    12 |       |       |       |       |       ||    30
         Steam dragon scal |       |       |       |    37 |   254 |   284 |    43 |       |       ||   618
         Leather armour    |       |       |       |       |       |       |   207 |   151 |   246 ||   604
         Skin              |       |       |       |       |       |       |    20 |       |       ||    20
  Dodge: Dodged            |     4 |    12 |    36 |    84 |   197 |   169 |   145 |    72 |   154 ||   873
  Block: Buckler           |       |       |       |     9 |   149 |   107 |    81 |    39 |    54 ||   439
         Reflection        |       |       |       |       |       |       |     5 |     6 |       ||    11
         Kite shield       |       |       |       |       |       |       |       |       |    11 ||    11

Table legend: (Time is in decaauts)
 A = Elapsed time spent in this place.
 B = Non-inter-level travel time spent in this place.
 C = Inter-level travel time spent in this place.
 D = Time resting spent in this place.
 E = Time spent auto-exploring this place.
 F = Levels seen in this place.
 G = Mean time per level.
                   A        B        C        D        E       F      G
               +--------+--------+--------+--------+--------+-----+--------+
         Total | 114791 | 105787 |   9004 |  11922 |  78180 |  60 | 1913.2 |
       Dungeon |  23850 |  20686 |   3164 |   2106 |  15670 |  15 | 1590.0 |
        Temple |     91 |     37 |     54 |     35 |      0 |   1 |   91.0 |
          Lair |  11278 |  10413 |    865 |   2179 |   6674 |   5 | 2255.6 |
        Shoals |   8183 |   7648 |    535 |   1069 |   5600 |   4 | 2045.8 |
     Snake Pit |   9454 |   8738 |    716 |    462 |   7034 |   4 | 2363.5 |
    Slime Pits |   5165 |   4631 |    534 |    691 |   3250 |   5 | 1033.0 |
  Orcish Mines |   3930 |   3687 |    243 |   1394 |   1655 |   2 | 1965.0 |
   Elven Halls |   7720 |   7315 |    405 |    164 |   6179 |   3 | 2573.3 |
        Vaults |  17005 |  15950 |   1055 |   2229 |  11213 |   5 | 3401.0 |
         Crypt |   4209 |   4152 |     57 |      0 |   3572 |   3 | 1403.0 |
        Depths |  10769 |   9984 |    785 |    292 |   8576 |   4 | 2692.2 |
           Zot |  11025 |  10439 |    586 |    983 |   7605 |   5 | 2205.0 |
         Trove |     45 |     45 |      0 |      0 |     38 |   1 |   45.0 |
       Ossuary |    298 |    298 |      0 |      0 |    241 |   1 |  298.0 |
        Bailey |    440 |    440 |      0 |      4 |    189 |   1 |  440.0 |
      Ice Cave |   1320 |   1320 |      0 |    314 |    682 |   1 | 1320.0 |
               +--------+--------+--------+--------+--------+-----+--------+

Top non-repeatable levels by time:
Depths:3: 4399 daAuts
Vaults:5: 4156 daAuts
   Elf:3: 4062 daAuts
Vaults:1: 3783 daAuts
  Lair:3: 3324 daAuts
Vaults:2: 3156 daAuts
 Snake:3: 3148 daAuts
Vaults:3: 3075 daAuts
 Snake:4: 2847 daAuts
Vaults:4: 2834 daAuts
  Lair:5: 2768 daAuts
   Zot:4: 2721 daAuts
   Zot:1: 2709 daAuts
    D:14: 2620 daAuts
     D:8: 2586 daAuts
